TOP OF THE 1ST |
Aberdeen Ironbirds batting - Pitching for Minnesota (NYP) Twins : LHP Mike Horton
|
Pitching: LHP Mike Horton
|
|
Batting: LHB Andrew Erens
|
0-0: Swinging Strike 0-1: Swinging Strike 0-2: Ball 1-2: Ball 2-2: Ball 3-2: Foul Ball, location: 2F 3-2: Strikes out swinging
|
Batting: LHB Tim Mulholland
|
0-0: Called Strike 0-1: Swinging Strike 0-2: Strikes out swinging
|
Batting: RHB Jordan Wallace
|
0-0: Ground out 4-3 (Groundball, 4, EV 101.9 MPH)
|
Top of the 1st over - 0 runs, 0 hits, 0 errors, 0 left on base; Aberdeen 0 - Minnesota (NYP) 0 |
BOTTOM OF THE 1ST |
Minnesota (NYP) Twins batting - Pitching for Aberdeen Ironbirds : RHP Matt Talaski
|
Pitching: RHP Matt Talaski
|
|
Batting: LHB Chris Munguia
|
0-0: Fly out, F8 (Flyball, 8RM, EV 82.5 MPH)
|
Batting: RHB Michael McDonald
|
0-0: Called Strike 0-1: Ball 1-1: Ball 2-1: Called Strike 2-2: Foul Ball, location: 2F 2-2: Ball 3-2: Strikes out swinging
|
Batting: RHB Jose Nunez
|
0-0: Foul Ball, location: 2F 0-1: Foul Ball, location: 2F 0-2: Ball 1-2: Ball 2-2: Ground out 6-3 (Groundball, 6, EV 83.8 MPH)
|
Bottom of the 1st over - 0 runs, 0 hits, 0 errors, 0 left on base; Aberdeen 0 - Minnesota (NYP) 0 |
TOP OF THE 2ND |
Aberdeen Ironbirds batting - Pitching for Minnesota (NYP) Twins : LHP Mike Horton
|
Batting: SHB Jorge Brito
|
0-0: Foul Ball, location: 2F 0-1: Foul Ball, location: 2F 0-2: Ball 1-2: SINGLE (Groundball, 4MD, EV 107.5 MPH)
|
Batting: RHB Lee Deason
|
0-0: SINGLE (Flyball, 78S, EV 96.3 MPH) Jorge Brito to second
|
Batting: LHB David Best
|
0-0: Hit by Pitch Jorge Brito to third Lee Deason to second
|
Batting: LHB Jose Bethancourt
|
0-0: Swinging Strike 0-1: Ball 1-1: Called Strike 1-2: Ball Passed Ball! Jorge Brito scores Lee Deason to third David Best to second 2-2: Strikes out swinging
|
Batting: RHB Juan Estrada
|
0-0: Called Strike 0-1: Foul Ball, location: 2F 0-2: Ball 1-2: Ball 2-2: Ball 3-2: Base on Balls
|
Batting: SHB Hugo Moreno
|
0-0: Ball 1-0: Swinging Strike 1-1: Fielders Choice at 2nd, 5-4 (Groundball, 56S, EV 83.1 MPH) Lee Deason scores David Best to third
|
Batting: LHB Andrew Erens
|
0-0: Ground out 1-3 (Groundball, 15S, EV 68.8 MPH)
|
Top of the 2nd over - 2 runs, 2 hits, 0 errors, 2 left on base; Aberdeen 2 - Minnesota (NYP) 0 |
BOTTOM OF THE 2ND |
Minnesota (NYP) Twins batting - Pitching for Aberdeen Ironbirds : RHP Matt Talaski
|
Batting: RHB Sean Gould
|
0-0: Ball 1-0: Ball 2-0: Foul Ball, location: 2F 2-1: Called Strike 2-2: Strikes out swinging
|
Batting: RHB David Nardone
|
0-0: Ball 1-0: Ball 2-0: Ball 3-0: Base on Balls
|
Batting: RHB Tony Crespo
|
0-0: Ball 1-0: Ball Passed Ball! David Nardone to second 2-0: Swinging Strike 2-1: Called Strike 2-2: Ball 3-2: Strikes out swinging
|
Batting: RHB Kelly Watson
|
0-0: Foul Ball, location: 2F 0-1: Foul Ball, location: 2F 0-2: Ball 1-2: Foul Ball, location: 2F 1-2: Ball 2-2: Ball 3-2: Strikes out swinging
|
Bottom of the 2nd over - 0 runs, 0 hits, 0 errors, 1 left on base; Aberdeen 2 - Minnesota (NYP) 0 |
TOP OF THE 3RD |
Aberdeen Ironbirds batting - Pitching for Minnesota (NYP) Twins : LHP Mike Horton
|
Batting: LHB Tim Mulholland
|
0-0: Ball 1-0: Foul Ball, location: 2F 1-1: Ball 2-1: Ground out 4-3 (Groundball, 4, EV 82.5 MPH)
|
Batting: RHB Jordan Wallace
|
0-0: Ball 1-0: Called Strike 1-1: Ball 2-1: Ball 3-1: Foul Ball, location: 2F 3-2: Ground out 6-3 (Groundball, 6, EV 104.4 MPH)
|
Batting: SHB Jorge Brito
|
0-0: Called Strike 0-1: Ball 1-1: Foul Ball, location: 2F 1-2: Strikes out swinging
|
Top of the 3rd over - 0 runs, 0 hits, 0 errors, 0 left on base; Aberdeen 2 - Minnesota (NYP) 0 |
BOTTOM OF THE 3RD |
Minnesota (NYP) Twins batting - Pitching for Aberdeen Ironbirds : RHP Matt Talaski
|
Batting: SHB Donell Burney
|
0-0: SINGLE (Groundball, 6S, EV 68.8 MPH) (infield hit)
|
Batting: RHB Manuel Juarez
|
0-0: Grounds into double play, 6-4-3 (Groundball, 6, EV 103.1 MPH)
|
Batting: LHB Chris Munguia
|
0-0: Ball 1-0: Called Strike 1-1: DOUBLE (Flyball, 8LD, EV 94.4 MPH)
|
Batting: RHB Michael McDonald
|
0-0: Called Strike 0-1: Swinging Strike 0-2: Ball Passed Ball! Chris Munguia to third 1-2: Ball 2-2: Foul Ball, location: 2F 2-2: Fly out, F8 (Flyball, 8RS, EV 88.1 MPH)
|
Bottom of the 3rd over - 0 runs, 2 hits, 0 errors, 1 left on base; Aberdeen 2 - Minnesota (NYP) 0 |
TOP OF THE 4TH |
Aberdeen Ironbirds batting - Pitching for Minnesota (NYP) Twins : LHP Mike Horton
|
Batting: RHB Lee Deason
|
0-0: Ground out 5-3 (Groundball, 56S, EV 90.0 MPH)
|
Batting: LHB David Best
|
0-0: Ball 1-0: SINGLE (Groundball, 4D, EV 111.3 MPH)
|
Batting: LHB Jose Bethancourt
|
0-0: Called Strike 0-1: Foul Ball, location: 2F 0-2: Ball 1-2: Fielders Choice at 2nd, 4-6 (Groundball, 4, EV 77.5 MPH)
|
Batting: RHB Juan Estrada
|
0-0: Fly out, F4 (Popup, 34, EV 51.9 MPH)
|
Top of the 4th over - 0 runs, 1 hit, 0 errors, 1 left on base; Aberdeen 2 - Minnesota (NYP) 0 |
BOTTOM OF THE 4TH |
Minnesota (NYP) Twins batting - Pitching for Aberdeen Ironbirds : RHP Matt Talaski
|
Batting: RHB Jose Nunez
|
0-0: Called Strike 0-1: Ball 1-1: Ball 2-1: Foul Ball, location: 2F 2-2: Strikes out swinging
|
Batting: RHB Sean Gould
|
0-0: Called Strike 0-1: Ball 1-1: Called Strike 1-2: Foul Ball, location: 2F 1-2: Strikes out swinging, 2-3 out at first.
|
Batting: RHB David Nardone
|
0-0: Called Strike 0-1: Foul Ball, location: 2F 0-2: Ball 1-2: Ground out 5-3 (Groundball, 56, EV 82.5 MPH)
|
Bottom of the 4th over - 0 runs, 0 hits, 0 errors, 0 left on base; Aberdeen 2 - Minnesota (NYP) 0 |
TOP OF THE 5TH |
Aberdeen Ironbirds batting - Pitching for Minnesota (NYP) Twins : LHP Mike Horton
|
Batting: SHB Hugo Moreno
|
0-0: Ball 1-0: Ball 2-0: Ball 3-0: Called Strike 3-1: Ground out 5-3 (Groundball, 5L, EV 88.8 MPH)
|
Batting: LHB Andrew Erens
|
0-0: Called Strike 0-1: Foul Ball, location: 2F 0-2: Ball 1-2: Ball 2-2: Foul Ball, location: 2F 2-2: Ground out 6-3 (Groundball, 56D, EV 99.4 MPH)
|
Batting: LHB Tim Mulholland
|
0-0: Called Strike 0-1: Ball 1-1: Ball 2-1: Ball 3-1: Ground out 5-3 (Groundball, 5, EV 104.4 MPH)
|
Top of the 5th over - 0 runs, 0 hits, 0 errors, 0 left on base; Aberdeen 2 - Minnesota (NYP) 0 |
BOTTOM OF THE 5TH |
Minnesota (NYP) Twins batting - Pitching for Aberdeen Ironbirds : RHP Matt Talaski
|
Batting: RHB Tony Crespo
|
0-0: Swinging Strike 0-1: Ball 1-1: Ball 2-1: Foul Ball, location: 2F 2-2: Strikes out looking
|
Batting: RHB Kelly Watson
|
0-0: Ground out 5-3 (Groundball, 56, EV 108.1 MPH)
|
Batting: SHB Donell Burney
|
0-0: Ball 1-0: Called Strike 1-1: Called Strike 1-2: Ball 2-2: Fly out, F8 (Flyball, 8LD, EV 95.6 MPH)
|
Bottom of the 5th over - 0 runs, 0 hits, 0 errors, 0 left on base; Aberdeen 2 - Minnesota (NYP) 0 |
TOP OF THE 6TH |
Aberdeen Ironbirds batting - Pitching for Minnesota (NYP) Twins : LHP Mike Horton
|
Batting: RHB Jordan Wallace
|
0-0: Ball 1-0: Ball 2-0: Foul Ball, location: 2F 2-1: Ball 3-1: Base on Balls
|
Pitching: RHP Matt Lundy
|
|
Batting: SHB Jorge Brito
|
0-0: Ball 1-0: Foul Ball, location: 2F 1-1: Ball 2-1: Ball 3-1: Base on Balls Jordan Wallace to second
|
Batting: RHB Lee Deason
|
0-0: SINGLE (Groundball, 34D, EV 99.4 MPH) Jordan Wallace to third Jorge Brito to second
|
Batting: LHB David Best
|
0-0: Called Strike 0-1: Ball 1-1: Swinging Strike 1-2: DOUBLE (Line Drive, 89XD, EV 110.0 MPH) Jordan Wallace scores Jorge Brito scores Lee Deason to third
|
Batting: LHB Jose Bethancourt
|
0-0: Called Strike 0-1: Foul Ball, location: 2F 0-2: Ball 1-2: Ball 2-2: Foul Ball, location: 2F 2-2: Foul Ball, location: 2F 2-2: Foul Ball, location: 2F 2-2: SINGLE (Groundball, 6MS, EV 63.8 MPH) (infield hit) Lee Deason scores David Best to third
|
Batting: RHB Juan Estrada
|
0-0: Called Strike 0-1: Ball Jose Bethancourt steals 2nd base 1-1: Called Strike 1-2: Foul Ball, location: 2F 1-2: SINGLE (Groundball, 25, EV 62.5 MPH) (infield hit)
|
Batting: SHB Hugo Moreno
|
0-0: Ball 1-0: Ball 2-0: Ball 3-0: Base on Balls David Best scores Jose Bethancourt to third Juan Estrada to second
|
Batting: LHB Andrew Erens
|
0-0: Ball 1-0: Ball 2-0: Called Strike 2-1: Ball 3-1: Called Strike 3-2: Fly out, F6 (Popup, 6, EV 80.0 MPH)
|
Batting: LHB Tim Mulholland
|
0-0: Ball 1-0: Ball 2-0: Swinging Strike 2-1: Called Strike 2-2: Foul Ball, location: 2F 2-2: Fielders Choice at 2nd, 6-4 (Groundball, 6M, EV 80.0 MPH) Jose Bethancourt scores Juan Estrada to third
|
Batting: RHB Jordan Wallace
|
0-0: Called Strike 0-1: Foul Ball, location: 2F 0-2: Ball 1-2: Foul Ball, location: 2F 1-2: Ball 2-2: Foul Ball, location: 2F 2-2: Foul Ball, location: 2F 2-2: Ball 3-2: Base on Balls Tim Mulholland to second
|
Batting: SHB Jorge Brito
|
0-0: Called Strike 0-1: GRAND SLAM HOME RUN (Flyball, 7D, EV 96.3 MPH), Distance : 376 ft
|
Pitching: RHP Seung-jun Chang
|
|
Batting: RHB Lee Deason
|
0-0: Called Strike 0-1: Called Strike 0-2: Strikes out swinging
|
Top of the 6th over - 9 runs, 5 hits, 0 errors, 0 left on base; Aberdeen 11 - Minnesota (NYP) 0 |
BOTTOM OF THE 6TH |
Minnesota (NYP) Twins batting - Pitching for Aberdeen Ironbirds : RHP Matt Talaski
|
Batting: RHB Manuel Juarez
|
0-0: Ball 1-0: Ball 2-0: Called Strike 2-1: Swinging Strike 2-2: Strikes out looking
|
Batting: LHB Chris Munguia
|
0-0: Called Strike 0-1: Fly out, F8 (Flyball, 8RM, EV 85.6 MPH)
|
Batting: RHB Michael McDonald
|
0-0: Ball 1-0: Ground out 5-3 (Groundball, 56S, EV 66.3 MPH)
|
Bottom of the 6th over - 0 runs, 0 hits, 0 errors, 0 left on base; Aberdeen 11 - Minnesota (NYP) 0 |
TOP OF THE 7TH |
Aberdeen Ironbirds batting - Pitching for Minnesota (NYP) Twins : RHP Seung-jun Chang
|
Pinch Hitting: RHB Ryan Vest
|
0-0: Called Strike 0-1: Ball 1-1: Foul Ball, location: 2F 1-2: Strikes out looking
|
Batting: LHB Jose Bethancourt
|
0-0: Ball 1-0: Ball 2-0: Swinging Strike 2-1: Ball 3-1: Base on Balls
|
Batting: RHB Juan Estrada
|
0-0: Swinging Strike 0-1: Foul Ball, location: 2F 0-2: Foul Ball, location: 2F 0-2: Ball 1-2: Ball 2-2: Ball 3-2: Fly out, F3 (Popup, 34, EV 61.9 MPH)
|
Batting: SHB Hugo Moreno
|
0-0: Ball 1-0: Ball 2-0: Ball 3-0: Called Strike 3-1: Base on Balls Jose Bethancourt to second
|
Batting: LHB Andrew Erens
|
0-0: Ball 1-0: Ground out U3 (Groundball, 34S, EV 85.0 MPH)
|
Top of the 7th over - 0 runs, 0 hits, 0 errors, 2 left on base; Aberdeen 11 - Minnesota (NYP) 0 |
BOTTOM OF THE 7TH |
Minnesota (NYP) Twins batting - Pitching for Aberdeen Ironbirds : RHP Matt Talaski
|
Now in RF: Ryan Vest
|
|
Batting: RHB Jose Nunez
|
0-0: Foul Ball, location: 2F 0-1: Swinging Strike 0-2: Foul Ball, location: 2F 0-2: Foul Ball, location: 2F 0-2: Ball 1-2: Ground out 3-1 (Groundball, 34S, EV 85.0 MPH)
|
Batting: RHB Sean Gould
|
0-0: Ground out U3 (Groundball, 34S, EV 86.3 MPH)
|
Batting: RHB David Nardone
|
0-0: Called Strike 0-1: Called Strike 0-2: Strikes out swinging
|
Bottom of the 7th over - 0 runs, 0 hits, 0 errors, 0 left on base; Aberdeen 11 - Minnesota (NYP) 0 |
TOP OF THE 8TH |
Aberdeen Ironbirds batting - Pitching for Minnesota (NYP) Twins : RHP Seung-jun Chang
|
Batting: LHB Tim Mulholland
|
0-0: Called Strike 0-1: Ball 1-1: Ball 2-1: Ball 3-1: Called Strike 3-2: SOLO HOME RUN (Flyball, 89XD, EV 110.0 MPH), Distance : 450 ft
|
Batting: RHB Jordan Wallace
|
0-0: Ball 1-0: Called Strike 1-1: Ball 2-1: Ground out 6-3 (Groundball, 6, EV 80.6 MPH)
|
Batting: SHB Jorge Brito
|
0-0: Ball 1-0: SOLO HOME RUN (Flyball, 7D, EV 101.3 MPH), Distance : 394 ft
|
Batting: RHB Lee Deason
|
0-0: Called Strike 0-1: Ball 1-1: Ball 2-1: Foul Ball, location: 2F 2-2: Ground out 3-1 (Groundball, 34, EV 86.3 MPH)
|
Batting: RHB Ryan Vest
|
0-0: Ball 1-0: Ground out 6-3 (Groundball, 56D, EV 108.8 MPH)
|
Top of the 8th over - 2 runs, 2 hits, 0 errors, 0 left on base; Aberdeen 13 - Minnesota (NYP) 0 |
BOTTOM OF THE 8TH |
Minnesota (NYP) Twins batting - Pitching for Aberdeen Ironbirds : RHP Matt Talaski
|
Batting: RHB Tony Crespo
|
0-0: Foul Ball, location: 2F 0-1: Ball 1-1: Foul Ball, location: 2F 1-2: Fly out, F9 (Flyball, 9S, EV 74.4 MPH)
|
Pitching: LHP Roger Farley
|
|
Batting: RHB Kelly Watson
|
0-0: Foul Ball, location: 2F 0-1: Foul Ball, location: 2F 0-2: TRIPLE (Flyball, 89XD, EV 89.4 MPH)
|
Batting: SHB Donell Burney
|
0-0: Ball 1-0: Called Strike 1-1: Foul Ball, location: 2F 1-2: Foul Ball, location: 2F 1-2: Ball 2-2: Strikes out swinging
|
Batting: RHB Manuel Juarez
|
0-0: Called Strike 0-1: Foul Ball, location: 2F 0-2: Foul Ball, location: 2F 0-2: Foul Ball, location: 2F 0-2: Ball 1-2: Ball 2-2: Ball 3-2: Strikes out swinging, 2-3 out at first.
|
Bottom of the 8th over - 0 runs, 1 hit, 0 errors, 1 left on base; Aberdeen 13 - Minnesota (NYP) 0 |
TOP OF THE 9TH |
Aberdeen Ironbirds batting - Pitching for Minnesota (NYP) Twins : RHP Seung-jun Chang
|
Pitching: RHP Ruben Torres
|
|
Batting: LHB Jose Bethancourt
|
0-0: Ball 1-0: Ball 2-0: Called Strike 2-1: Ball 3-1: Base on Balls
|
Batting: RHB Juan Estrada
|
0-0: Called Strike 0-1: Called Strike 0-2: Strikes out looking
|
Batting: SHB Hugo Moreno
|
0-0: Ball 1-0: Ball 2-0: Ball 3-0: Called Strike 3-1: Base on Balls Jose Bethancourt to second
|
Batting: LHB Andrew Erens
|
0-0: Ball 1-0: Swinging Strike 1-1: Ball 2-1: Fly out, F7 (Flyball, 7LD, EV 110.0 MPH)
|
Batting: LHB Tim Mulholland
|
0-0: Ball 1-0: Ball 2-0: Ball 3-0: Called Strike 3-1: Base on Balls Jose Bethancourt to third Hugo Moreno to second
|
Batting: RHB Jordan Wallace
|
0-0: Called Strike 0-1: Ball 1-1: Ball 2-1: Fly out, F8 (Flyball, 8LS, EV 90.0 MPH)
|
Top of the 9th over - 0 runs, 0 hits, 0 errors, 3 left on base; Aberdeen 13 - Minnesota (NYP) 0 |
BOTTOM OF THE 9TH |
Minnesota (NYP) Twins batting - Pitching for Aberdeen Ironbirds : LHP Roger Farley
|
Batting: LHB Chris Munguia
|
0-0: Called Strike 0-1: Foul Ball, location: 2F 0-2: Ball 1-2: Ball 2-2: Strikes out swinging
|
Batting: RHB Michael McDonald
|
0-0: Ground out 4-3 (Groundball, 34, EV 85.6 MPH)
|
Batting: RHB Jose Nunez
|
0-0: Called Strike 0-1: Ball 1-1: Fly out, F8 (Flyball, 89XD, EV 95.0 MPH)
|
Bottom of the 9th over - 0 runs, 0 hits, 0 errors, 0 left on base; Aberdeen 13 - Minnesota (NYP) 0 |
|